 Dungeon Crawl Stone Soup version 0.32-a0-485-g70f7560b1c (webtiles) character file.

Game seed: 9654213101613761423

625 ytrimaz the Sneak (level 7, -1/41 HPs)
             Began as an Octopode Earth Elementalist on Feb 27, 2024.
             Slain by a water moccasin (10 damage)
             ... on level 5 of the Dungeon.
             The game lasted 00:09:11 (5390 turns).

ytrimaz the Sneak (Octopode Earth Elementalist)     Turns: 5390, Time: 00:09:12

Health: -1/41      AC:  1    Str: 13    XL:     7   Next: 47%
Magic:  3/13       EV: 13    Int: 25    God:
Gold:   239        SH:  0    Dex: 13    Spells: 3/14 levels left

rFire   . . .        (no weapon)
rCold   . . .        (no shield)
rNeg    . . .        (helmet restricted)
rPois   .            (no amulet)
rElec   .            g - ring of Duefy {Str+6 Int+6 Stlth-}
rCorr   .            (no ring)
SInv    .            (no ring)
Will    .....        (no ring)
Stlth   +++          (no ring)
HPRegen 0.26/turn    (no ring)
MPRegen 0.13/turn    (no ring)
                     (no ring)

%: no passive effects
@: lethally poisoned (-1 -> -17)
A: almost no armour, amphibious, 8 rings, camouflage 1, gelatinous body 1,
(nimble swimmer 1), tentacles
a: no special abilities


You were on level 5 of the Dungeon.
You visited 1 branch of the dungeon, and saw 5 of its levels.

You collected 239 gold pieces.


Innate Abilities, Weirdness & Mutations

You cannot wear most types of armour.
You are amphibious.
You can wear up to eight rings at the same time.
Your skin changes colour to match your surroundings (Stealth+).
Your rubbery body absorbs attacks. (AC +1, EV +1)
((You are camouflaged when in or above water. (Stealth+)))
You have tentacles for arms and can constrict up to eight enemies at once.


   Skills:
 - Level 2.0 Dodging
 - Level 7.0 Stealth
 + Level 4.0 Spellcasting
 - Level 3.0 Conjurations
 + Level 5.0 Earth Magic


You had 3 spell levels left.
You knew the following spells:

 Your Spells              Type           Power      Damage    Failure   Level
a - Sandblast             Erth           60%        2d14      1%          1
b - Stone Arrow           Conj/Erth      50%        3d10      5%          3
c - Brom's Barrelling Bo  Conj/Erth      25%        2d5       17%         4
d - Passwall              Erth           30%        N/A       3%          3

Your spell library contained the following spells:

 Spells                   Type           Power      Damage    Failure   Level
 Lesser Beckoning         Tloc           10%        N/A       14%         2
 Gell's Gravitas          Tloc           5%         N/A       26%         3
 Teleport Other           Tloc           5%         N/A       26%         3
 Petrify                  Alch/Erth      17%        N/A       32%         4

Inventory:

Missiles
 c - 6 poisoned darts
Jewellery
 g - the ring of Duefy (left tentacle) {Str+6 Int+6 Stlth-}
   (You acquired it on level 2 of the Dungeon)

   [ring of intelligence]

   Str+6:     It affects your strength (+6).
   Int+6:     It affects your intelligence (+6).
   Stlth-:    It makes you less stealthy.
 h - the amulet "Muyta" {Faith Harm rElec Regen+ Stlth+}
   (You found it on level 3 of the Dungeon)

   [amulet of faith]

   Faith:     It allows you to gain divine favour quickly.
   rElec:     It insulates you from electricity.
   Regen+:    It increases your rate of health regeneration.
   Harm:      It increases damage dealt and taken.
   Stlth+:    It makes you more stealthy.
Scrolls
 a - a scroll of enchant weapon
 d - 2 scrolls of amnesia
 e - 2 scrolls of vulnerability
Potions
 f - 2 potions of brilliance

Dungeon Overview and Level Annotations

Branches:
Dungeon (5/15) Zot: 24589
 Temple: D:4-7

Altars:
Cheibriados
Wu Jian

Shops:
D:2 *

Annotations:
D:2 Robin
D:5 Grinder

............##.............#####
............###.............##.##
............# #.........#...#...#
............# ##.......###......#
............# #......## ##.....#
............# #.....## ##.......
............# #....## #........
..........## ##...## #........
......##### #.@.## #........
####### #S### ##....... #.g
##...... .f.# ##..... .))) ##....
...... ##### ..... .....


You could see a water moccasin, a sleepcap and a gnoll.


Message History

The gnoll shouts!
You hear a shout!
A gnoll comes into view. It is wielding a +0 halberd.
You hear a shout!
Your Spellcasting skill increases to level 4! 😎 MP[-3]
You lost 3 mp, and now have 9/13 mp.
Okay, then.
Casting: Stone Arrow (dangerous; 5% risk of failure)
Confirm with . or Enter, or press ? or * to list all spells.
Okay, then.
The stone arrow hits the gnoll!!
You kill the gnoll! 😎 MP[-3]
You lost 3 mp, and now have 6/13 mp.
The stone arrow hits the gnoll!!
You kill the gnoll! 😎 MP[-3]
You lost 3 mp, and now have 3/13 mp.
A water moccasin is nearby!
Casting: Stone Arrow (dangerous; 5% risk of failure)
Confirm with . or Enter, or press ? or * to list all spells.
You can't see any susceptible monsters within range! (Use Z to cast anyway.) Unknown command.
Casting: Stone Arrow (dangerous; 5% risk of failure)
Confirm with . or Enter, or press ? or * to list all spells.
You can't see any susceptible monsters within range! (Use Z to cast anyway.) Unknown command.
Casting: Stone Arrow (dangerous; 5% risk of failure)
Confirm with . or Enter, or press ? or * to list all spells.
You don't know that spell.
Casting: Stone Arrow (dangerous; 5% risk of failure)
Confirm with . or Enter, or press ? or * to list all spells.
Aiming: Sandblast (safe; 1% risk of failure)
Press: ? - help, Shift-Dir - straight line, f - water moccasin
Aim: a water moccasin (73% to hit)
The blast of sand misses the water moccasin. 😎 MP[-1]
You lost 1 mp, and now have 2/13 mp.
Casting: Sandblast (safe; 1% risk of failure)
Confirm with . or Enter, or press ? or * to list all spells.
You don't know that spell.
As you read the scroll labelled SUARRU UCZI, it crumbles to dust.
Your body is wracked with pain!
The water moccasin convulses!
The gnoll convulses!
It was a scroll of torment.
The water moccasin bites you!
* * * LOW HITPOINT WARNING * * *
😨 HP[-27]
You take 27 damage, and now have 14/41 hp.
MASSIVE DAMAGE!! (PAUSE) Unknown command.
You feel much better. The water moccasin barely misses you.
A sleepcap comes into view.
The gnoll hits you from afar with a +0 spear.
The water moccasin bites you.
You are poisoned.
The water moccasin poisons you! 😮 HP[+15] MP[+1]
You regained 15 hp, and now have 29/41 hp.
Unknown command.
You miss the water moccasin. You grab the water moccasin.
You constrict the water moccasin.
You feel sick. The water moccasin bites you.
You are more poisoned.
The water moccasin poisons you!
The gnoll hits you from afar with a +0 spear!
* * * LOW HITPOINT WARNING * * *
😨 HP[-16]
You take 16 damage, and now have 13/41 hp.
MASSIVE DAMAGE!! (PAUSE) Unknown command.
You tentacle-slap the water moccasin. You constrict the water moccasin.
* * * LOW HITPOINT WARNING * * *
You feel very sick. The water moccasin closely misses you.
The gnoll misses you. 😱 HP[-4]
You take 4 damage, and now have 9/41 hp.
Unknown command.
You feel much better.
You constrict the water moccasin.
You feel very sick. The water moccasin misses you.
The gnoll hits you from afar with a +0 spear!
The water moccasin barely misses you. 😮 HP[+12]
You regained 12 hp, and now have 21/41 hp.
Unknown command.
You tentacle-slap the water moccasin but do no damage.
You squeeze the water moccasin, but do no damage.
You constrict the water moccasin.
You feel very sick. The water moccasin bites you.
* * * LOW HITPOINT WARNING * * *
You are lethally poisoned!
The water moccasin poisons you! The gnoll barely misses you. 😨 HP[-8]
You take 8 damage, and now have 13/41 hp.
You tentacle-slap the water moccasin but do no damage.
You constrict the water moccasin.
* * * LOW HITPOINT WARNING * * *
You feel very sick. The water moccasin bites you!
You die...

Skill      XL: |  1  2  3  4  5  6  7 |
---------------+----------------------+-----
Stealth        | 3 4 5 6 7 |  7.0
Conjurations   | 2 3 |  3.0
Earth Magic    | 4 5 |  5.0
Spellcasting   | 3 4 |  4.0
Dodging        | |  2.0

Action                     |  1- 3 |  4- 6 |  7- 9 || total
---------------------------+-------+-------+-------++-------
  Melee: Unarmed           |     1 |     2 |     4 ||     7
         Constrict         |       |     2 |     1 ||     3
         Tentacles         |       |     1 |     1 ||     2
  Throw: Dart              |       |     3 |       ||     3
   Cast: Sandblast         |    63 |    49 |     1 ||   113
         Stone Arrow       |     1 |    26 |     8 ||    35
    Use: Scroll            |     2 |     7 |     3 ||    12
         Potion            |     1 |     7 |     2 ||    10
 Armour: Skin              |     9 |    16 |     9 ||    34
  Dodge: Dodged            |    13 |    30 |     8 ||    51

Levels and vault maps discovered:
D:1:      lightli_arrival_chessboard, layout_loops_corners,
          hangedman_abyss_or_decor_lesser_grid, nicolae_hexahallways,
          minmay_rat_gold_closets
D:2:      layout_rooms, serial_shops, shop, uniq_robin
D:3:      layout_basic
D:4:      cheibrodos_pilgrimage, layout_rooms,
          mainiacjoe_overflow_six_doors_small
D:5:      layout_cave_pods, kennysheep_slug_shrine, uniq_grinder

Notes
Turn   | Place    | Note
-------+----------+-------------------------------------------
     0 | D:1      | ytrimaz the Octopode Earth Elementalist began the quest for
                  | the Orb.
     0 | D:1      | Reached XP level 1. HP: 11/11 MP: 3/3
     0 | D:1      | magus.rc [v1.9.6]
   225 | D:1      | Reached skill level 3 in Stealth
   270 | D:1      | Reached XP level 2. HP: 17/17 MP: 3/5
   717 | D:1      | Reached XP level 3. HP: 20/21 MP: 2/6
  1009 | D:1      | Learned a level 3 spell: Stone Arrow
  1298 | D:1      | Reached skill level 2 in Conjurations
  1492 | D:2      | Identified a scroll of acquirement
  1609 | D:2      | Reached skill level 4 in Stealth
  1748 | D:2      | Found Rojaos's General Store.
  1900 | D:2      | Noticed Robin
  1902 | D:2      | Reached XP level 4. HP: 24/27 MP: 3/7
  1941 | D:2      | Acquired the ring of Duefy {Str+6 Int+6 Stlth-}
  2461 | D:3      | Identified the amulet "Muyta" {Faith Harm rElec Regen+
                  | Stlth+}
  2541 | D:3      | Identified the +0 robe of Dutuir {*Corrode Int+2 Dex+6}
  3572 | D:4      | Found an ornate altar of the Wu Jian Council.
  3797 | D:4      | You pick up a book of Displacement and begin reading...
  3797 | D:4      | You add the spells Lesser Beckoning, Gell's Gravitas and
                  | Teleport Other to your library.
  3830 | D:4      | Reached XP level 5. HP: 20/31 MP: 3/8
  3844 | D:4      | Reached skill level 4 in Earth Magic
  3849 | D:4      | Reached skill level 3 in Conjurations
  4222 | D:4      | Reached skill level 5 in Stealth
  4222 | D:4      | Reached XP level 6. HP: 36/36 MP: 6/9
  4644 | D:4      | Reached skill level 5 in Earth Magic
  4727 | D:5      | Entered Level 5 of the Dungeon
  4728 | D:5      | Noticed a water moccasin
  4785 | D:5      | Found a snail-covered altar of Cheibriados.
  4938 | D:5      | Killed a water moccasin
  4939 | D:5      | Reached skill level 6 in Stealth
  4939 | D:5      | Reached skill level 3 in Spellcasting
  4939 | D:5      | Reached XP level 7. HP: 34/41 MP: 1/12
  5021 | D:5      | Noticed Grinder
  5166 | D:5      | Learned a level 4 spell: Brom's Barrelling Boulder
  5170 | D:5      | Learned a level 3 spell: Passwall
  5327 | D:5      | Reached skill level 7 in Stealth
  5380 | D:5      | Reached skill level 4 in Spellcasting
  5387 | D:5      | HP: 9/41 [poisoned by a water moccasin]
  5390 | D:5      | Slain by a water moccasin

Vanquished Creatures
  A water moccasin (D:5)
  2 scorpions
  2 hounds (D:5)
  2 orc priests (D:4)
  A sleepcap (D:4)
  An orc wizard (D:5)
  10 gnolls
  2 adders (D:3)
  4 dart slugs
  3 ribbon worms (D:2)
  10 orcs
  5 bats
  11 endoplasms
  4 giant cockroaches
  7 goblins
  7 hobgoblins
  8 kobolds
  4 quokkas
  8 ball pythons
  2 frilled lizards
  13 rats (D:1)
107 creatures vanquished.

Table legend:
 A = Non-vault XP
 B = Vault XP
 C = Vault XP percentage of total XP
 D = Non-vault monster count
 E = Vault monster count
 F = Vault count percentage of total count
                 A         B        C        D         E       F
            +---------+---------+-------+---------+---------+-------
      Total |     772 |     122 |  13.6 |      84 |      23 |  21.5
            +---------+---------+-------+---------+---------+-------
        D:1 |      43 |       9 |  17.3 |      26 |       9 |  25.7
        D:2 |      35 |      12 |  25.5 |      13 |       6 |  31.6
        D:3 |      47 |       0 |   0.0 |      13 |       0 |   0.0
        D:4 |     240 |      97 |  28.8 |      21 |       7 |  25.0
        D:5 |     407 |       4 |   1.0 |      11 |       1 |   8.3
            +---------+---------+-------+---------+---------+-------

Skill      XL: |  1  2  3  4  5  6  7 |
---------------+----------------------+-----
Stealth        | 3 4 5 6 7 |  7.0
Conjurations   | 2 3 |  3.0
Earth Magic    | 4 5 |  5.0
Spellcasting   | 3 4 |  4.0
Dodging        | |  2.0

Action                     |  1- 3 |  4- 6 |  7- 9 || total
---------------------------+-------+-------+-------++-------
  Melee: Unarmed           |     1 |     2 |     4 ||     7
         Constrict         |       |     2 |     1 ||     3
         Tentacles         |       |     1 |     1 ||     2
  Throw: Dart              |       |     3 |       ||     3
   Cast: Sandblast         |    63 |    49 |     1 ||   113
         Stone Arrow       |     1 |    26 |     8 ||    35
    Use: Scroll            |     2 |     7 |     3 ||    12
         Potion            |     1 |     7 |     2 ||    10
 Armour: Skin              |     9 |    16 |     9 ||    34
  Dodge: Dodged            |    13 |    30 |     8 ||    51

Illustrated notes

Table legend:
 A = Kills in this place as a percentage of kills in the entire game.
 B = Kills by you in this place as a percentage of kills by you in the entire game.
 C = Kills by friends in this place as a percentage of kills by friends in the entire game.
 D = Other kills in this place as a percentage of other kills in the entire game.
 E = Experience gained in this place as a percentage of experience gained in the entire game.
 F = Experience gained in this place divided by the number of levels of this place that you have seen.
                   A       B       C       D       E      F
               +-------+-------+-------+-------+-------+----------------------
         Total | 100.0 | 100.0 |   N/A |   N/A | 100.0 | 178.8
       Dungeon | 100.0 | 100.0 |   N/A |   N/A | 100.0 | 178.8
               +-------+-------+-------+-------+-------+----------------------

Table legend: (Time is in decaauts)
 A = Elapsed time spent in this place.
 B = Non-inter-level travel time spent in this place.
 C = Inter-level travel time spent in this place.
 D = Time resting spent in this place.
 E = Time spent auto-exploring this place.
 F = Levels seen in this place.
 G = Mean time per level.
                   A        B        C        D        E       F      G
               +--------+--------+--------+--------+--------+-----+--------+
         Total |   5409 |   5223 |    186 |    117 |   4440 |   5 | 1081.8 |
       Dungeon |   5409 |   5223 |    186 |    117 |   4440 |   5 | 1081.8 |
               +--------+--------+--------+--------+--------+-----+--------+

Top non-repeatable levels by time:
     D:1: 1488 daAuts
     D:3: 1342 daAuts
     D:4: 1141 daAuts
     D:2: 824 daAuts
     D:5: 613 daAuts
